 Dungeon Crawl Stone Soup version 0.18-a0-1-gfac8111 (webtiles) character file.

230 fredomojojo the Charmwright (level 5, -1/36 HPs)
             Began as a High Elf Skald on Oct 30, 2015.
             Slain by Uberwunderbarhen's ghost (6 damage)
             ... on level 4 of the Dungeon.
             The game lasted 00:48:50 (2171 turns).

fredomojojo the Charmwright (High Elf Skald)        Turns: 2171, Time: 00:48:50

Health: -1/36      AC:  3    Str: 11    XL:     5   Next: 72%
Magic:  6/10       EV: 12    Int: 16    God:
Gold:   161        SH:  3    Dex: 15    Spells: 1 memorised, 9 levels left

rFire  . . .     SeeInvis .     z - +1 falchion (elec)
rCold  . . .     Clarity  .     b - +0 leather armour
rNeg   . . .     SustAt   .     m - +0 buckler
rPois  .         Gourm    .     (no helmet)
rElec  .         Spirit   .     (no cloak)
rCorr  .         Warding  .     (no gloves)
rMut   .         Stasis   .     (no boots)
MR     +....                    (no amulet)
Stlth  +.........               (no ring)
                                v - ring of protection from magic

@: infused, drained, somewhat resistant to hostile enchantments, very unstealthy
A: no striking features
a: no special abilities


You were on level 4 of the Dungeon.
You were hungry.

You visited 1 branch of the dungeon, and saw 4 of its levels.

You collected 161 gold pieces.

Inventory:

Hand Weapons
 a - a +0 falchion
 f - a +0 falchion of holy wrath
 k - a +1 short sword of draining
 p - a +0 short sword of venom
 z - a +1 falchion of electrocution (weapon)
Missiles
 y - 38 stones (quivered)
 A - 5 tomahawks
Armour
 b - a +0 leather armour (worn)
 m - a +0 buckler (worn)
Jewellery
 v - a ring of protection from magic (left hand)
Scrolls
 d - a scroll of identify
 e - 2 scrolls of enchant weapon {unknown}
 i - 2 scrolls of amnesia {unknown}
 j - a scroll of fog
 l - 2 scrolls of immolation
 n - a scroll of noise
 o - 3 scrolls of remove curse
 x - a scroll of enchant armour {unknown}
Potions
 g - a potion of agility
 h - a potion of cure mutation
 q - a potion of invisibility
 s - a potion of berserk rage {unknown}
 u - a potion of might {unknown}
Books
 c - a book of Battle

   Spells                             Type                      Level
   a - Infusion                       Charms                       1
   b - Shroud of Golubria             Charms/Translocation         2
   c - Song of Slaying                Charms                       2
   d - Spectral Weapon                Hexes/Charms                 3
   e - Regeneration                   Charms/Necromancy            3
Comestibles
 r - 3 bread rations
 t - a chunk of flesh
 w - 2 fruits


   Skills:
 + Level 2.8(2.7) Fighting
 + Level 1.2(2.3) Short Blades
 + Level 3.1(3.2) Long Blades
 + Level 2.1 Armour
 + Level 3.1 Dodging
 + Level 0.5 Stealth
 + Level 0.1 Shields
 + Level 3.3 Spellcasting
 + Level 4.4 Charms


You had 9 spell levels left.
You knew the following spells:

 Your Spells              Type           Power        Failure   Level  Hunger
a - Infusion              Chrm           ###...       10%         1    None


Dungeon Overview and Level Annotations

Branches:
Dungeon (4/15)
 Temple: D:4-7

Altars:

Annotations:
D:4 Uberwunderbarhen's ghost, amateur OpTm


Message History

Uberwunderbarhen's ghost is lightly damaged.
Uberwunderbarhen's ghost closely misses you.
Uberwunderbarhen's ghost hits you.
* * * LOW HITPOINT WARNING * * *
You slash Uberwunderbarhen's ghost!
Uberwunderbarhen's ghost is moderately damaged.
Uberwunderbarhen's ghost misses you.
You barely miss Uberwunderbarhen's ghost.
Uberwunderbarhen's ghost is moderately damaged.
You block Uberwunderbarhen's ghost's attack.
You are feeling hungry.
You completely miss Uberwunderbarhen's ghost.
Uberwunderbarhen's ghost is moderately damaged.
Uberwunderbarhen's ghost hits you.
* * * LOW HITPOINT WARNING * * *
You hit Uberwunderbarhen's ghost.
Uberwunderbarhen's ghost is moderately damaged.
Uberwunderbarhen's ghost screams, "I'll kill anyone who wants the ORB!"
Uberwunderbarhen's ghost hits you.
You die...

.#### #..#...........
..... ...#.......####
....##.##..........# #
#...#.##..##.####.#
#.##.>.#.##..##.####.#
#......[...........#.#
#..........)....###..#
#........W.....## ##.#
##.#...###@....# #.#
#... #.....# #.# #.##
#......# ..# #.
##.####.<.#.# # #.#
#.##.# #.# .# .# ... #
..#


You could see Uberwunderbarhen's ghost.

Vanquished Creatures
  A scorpion (D:4)
  An orc wizard (D:3)
  4 adders
  4 gnolls
  An ooze (D:3)
  3 worms
  4 orcs (D:3)
  8 bats
  2 giant cockroaches
  6 goblins
  14 hobgoblins
  12 kobolds
  2 giant geckos
  3 giant newts
  8 rats
73 creatures vanquished.

Notes
Turn   | Place    | Note
--------------------------------------------------------------
     0 | D:1      | fredomojojo the High Elf Skald began the quest for the Orb.
     0 | D:1      | Reached XP level 1. HP: 14/14 MP: 4/4
   187 | D:1      | Reached XP level 2. HP: 13/19 MP: 2/6
   288 | D:1      | Reached skill level 1 in Armour
   312 | D:1      | Reached skill level 4 in Charms
   528 | D:2      | Reached XP level 3. HP: 21/25 MP: 2/8
   866 | D:2      | Reached XP level 4. HP: 21/30 MP: 9/9
   893 | D:2      | Found a faded altar to an unknown god.
  1789 | D:3      | Reached XP level 5. HP: 24/35 MP: 5/10
  1926 | D:4      | Reached skill level 1 in Short Blades
  2141 | D:4      | Noticed Uberwunderbarhen's ghost (amateur OpTm)
  2171 | D:4      | Slain by Uberwunderbarhen's ghost

Vault maps used:
D:1:      elethiomel_arrival_maze
D:2:      ecumenical_altar_1
D:3:      first_bread, kennysheep_generic_room_10
D:4:      serial_shops, shop, grunt_ministairs_8, uniq_duvessa

Action                   |  1- 3 |  4- 6 || total
-------------------------+-------+-------++-------
Melee: Falchion          |    38 |    30 ||    68
       Short sword       |    66 |    96 ||   162
Throw: Stone             |       |     1 ||     1
 Cast: Infusion          |     6 |     5 ||    11
  Use: Potion            |       |     6 ||     6
       Scroll            |       |     4 ||     4
 Stab: Sleeping          |     2 |       ||     2
       Distracted        |     1 |       ||     1
  Eat: Bread ration      |       |     1 ||     1
